 Dungeon Crawl Stone Soup version 0.21.0-24-g2553a33 (webtiles) character file.

91 Mgcat the Chopper (level 4, 0/35 HPs)
             Began as a Demonspawn Monk on Jan 19, 2018.
             Killed by nerve-wracking pain
             ... invoked by Grinder
              (10 damage)
             ... on level 3 of the Dungeon.
             The game lasted 00:03:59 (2164 turns).

Mgcat the Chopper (Demonspawn Monk)                 Turns: 2164, Time: 00:04:00

Health: 0/35       AC: 12    Str: 12    XL:     4   Next: 34%
Magic:  4/4        EV:  3    Int: 12    God:
Gold:   137        SH:  0    Dex: 15    Spells: 3/3 levels left

rFire    . . .     SeeInvis .   a - +0 hand axe
rCold    . . .     Gourm    .   (no shield)
rNeg     . . .     Faith    .   m - +0 plate armour
rPois    .         Spirit   .   (no helmet)
rElec    .         Reflect  .   (no cloak)
rCorr    .         Harm     .   (no gloves)
MR       .....                  (no boots)
Stlth    ..........             (no amulet)
HPRegen  0.11/turn              (no ring)
MPRegen  0.09/turn              (no ring)

@: no status effects
A: talons 1, molten scales 1, spiny 1
a: no special abilities


You were on level 3 of the Dungeon.
You were not hungry.

You visited 1 branch of the dungeon, and saw 3 of its levels.

You collected 137 gold pieces.

Inventory:

Hand Weapons
 a - a +0 hand axe (weapon)
Armour
 b - a +0 robe
 i - a +0 chain mail
 m - a +0 plate armour (worn)
Jewellery
 o - an uncursed ring of fire {unknown}
 q - an uncursed ring of poison resistance {unknown}
Scrolls
 d - a scroll of teleportation {unknown}
 e - 2 scrolls of enchant armour {unknown}
 g - 6 scrolls of identify {unknown}
 k - a scroll of noise {unknown}
 l - a scroll of fog {unknown}
 n - a scroll of random uselessness {unknown}
Potions
 f - a potion of resistance {unknown}
 h - 3 potions of curing
 j - a potion of might {unknown}
 p - a potion of ambrosia {unknown}
 s - a potion of mutation {unknown}
Comestibles
 c - 7 rations
 r - 2 chunks of flesh


   Skills:
 - Level 3.1 Fighting
 + Level 4.4 Axes
 - Level 2.8 Dodging
 - Level 2.0 Stealth


You had 3 spell levels left.
You didn't know any spells.

Dungeon Overview and Level Annotations

Branches:
Dungeon (3/15)

Altars:
Ashenzari
Dithmenos
Sif Muna
Uskayaw

Annotations:
D:3 Grinder


Innate Abilities, Weirdness & Mutations

You have sharp toenails.
You are partially covered in molten scales. (AC +2)
You are partially covered in sharp spines.


Message History

You hit Grinder.
Grinder is severely wounded.
Grinder hits you.
You writhe in agony.
You hit Grinder but do no damage. You claw Grinder.
Grinder is almost dead.
Grinder hits you but does no damage. Grinder is struck by your spines.
Grinder hits you.
* * * LOW HITPOINT WARNING * * *
You closely miss Grinder.
Grinder is almost dead.
Grinder is struck by your spines. Grinder hits you but does no damage.
Your plate armour prevents you from hitting Grinder.
You claw Grinder.
Grinder is almost dead.
Grinder blinks!
You see here a goblin corpse.
You butcher the goblin corpse.
Grinder gestures at you. Pain shoots through your body!
You die...

##### ## ......
#.###!8....
##############.#.......
#.5...))))))..#.#.8g...
#.####@####........g.%)
#. #.# ###.#...8..._
#.# #.# #.#.....g## #.#
#.######.#.>##.... #.#
#.##.........<.... #.#
#.##.####.....#### #.#
#.##<# #.......
##.####.##.######.#.##
#.....................


You could see Grinder.

Vanquished Creatures
  Robin (D:3)
  3 adders (D:2)
  2 dart slugs
  A leopard gecko (D:1)
  2 giant cockroaches
  17 goblins
  4 hobgoblins
  4 bats
  5 frilled lizards
  5 kobolds
  5 rats
49 creatures vanquished.

Notes
Turn   | Place    | Note
-------+----------+-------------------------------------------
     0 | D:1      | Mgcat the Demonspawn Monk began the quest for the Orb.
     0 | D:1      | Reached XP level 1. HP: 18/18 MP: 1/1
   244 | D:1      | Gained mutation: You have sharp toenails. [demonic ancestry]
   244 | D:1      | Reached XP level 2. HP: 21/24 MP: 2/2
   298 | D:1      | Reached skill level 3 in Axes
   898 | D:2      | Gained mutation: You are partially covered in sharp spines. [demonic ancestry]
   898 | D:2      | Reached XP level 3. HP: 21/29 MP: 3/3
   971 | D:2      | Found a shattered altar of Ashenzari.
  1538 | D:2      | Reached skill level 4 in Axes
  1732 | D:2      | Found a shadowy altar of Dithmenos.
  1925 | D:2      | Found a deep blue altar of Sif Muna.
  2092 | D:3      | Found a hide-covered altar of Uskayaw.
  2111 | D:3      | Gained mutation: You are partially covered in molten scales. (AC +2) [demonic ancestry]
  2111 | D:3      | Reached XP level 4. HP: 35/35 MP: 4/4
  2119 | D:3      | Noticed Robin
  2140 | D:3      | Killed Robin
  2142 | D:3      | Noticed Grinder
  2150 | D:3      | Paralysed by Grinder for 4 turns
  2164 | D:3      | Killed from afar by Grinder

Skill      XL: |  1  2  3 |
---------------+----------+-----
Stealth        | 2 |  2.0
Axes           | 3 4 |  4.4
Fighting       | |  3.1
Dodging        | |  2.8

Action                   |  1- 3 |  4- 6 || total
-------------------------+-------+-------++-------
Melee: Hand axe          |   105 |    28 ||   133
       Kick              |    18 |    12 ||    30
 Stab: Sleeping          |     1 |       ||     1
  Eat: Chunk             |     4 |       ||     4
Armor: Chain mail        |     8 |       ||     8
       Robe              |     3 |       ||     3
       Plate armour      |    54 |    12 ||    66
Dodge: Dodged            |    32 |     2 ||    34
